 Dungeon Crawl Stone Soup version 0.24.0-123-gd5b16e6ec5 (webtiles) character file.

Game seed: 17860194809871500900, levelgen mode: deterministic

133 FishyPogo the Covered (level 4, -3/42 HPs)
             Began as a Minotaur Fighter on Dec 19, 2019.
             Slain by a gnoll
             ... wielding a +0 spear
              (8 damage)
             ... on level 2 of the Dungeon.
             The game lasted 00:05:27 (2185 turns).

FishyPogo the Covered (Minotaur Fighter)            Turns: 2185, Time: 00:05:28

Health: -3/42      AC:  7    Str: 21    XL:     4   Next: 94%
Magic:  3/3        EV:  7    Int:  5    God:
Gold:   134        SH: 10    Dex: 10    Spells: 3/3 levels left

rFire    . . .     SeeInvis .   a - +0 flail
rCold    . . .     Gourm    .   c - +1 shield
rNeg     . . .     Faith    .   b - +0 scale mail
rPois    .         Spirit   .   (helmet restricted)
rElec    .         Reflect  .   (no cloak)
rCorr    .         Harm     .   (no gloves)
MR       .....                  (no boots)
Stlth    ..........             (no amulet)
HPRegen  0.14/turn              (no ring)
MPRegen  0.08/turn              (no ring)

@: lethally poisoned (-3 -> -9), starving
A: retaliatory headbutt, horns 2
a: no special abilities


You were on level 2 of the Dungeon.
You were starving.

You visited 1 branch of the dungeon, and saw 3 of its levels.

You collected 134 gold pieces.

Inventory:

Hand Weapons
 a - a +0 flail (weapon)
Missiles
 i - 51 stones (quivered)
 t - 8 javelins
Armour
 b - a +0 scale mail (worn)
 c - a +1 shield (worn)
Scrolls
 j - 3 scrolls of remove curse
 k - a scroll of teleportation
 s - 2 scrolls of random uselessness
Potions
 d - 3 potions of might
 e - 2 potions of heal wounds {unknown}
 m - 2 potions of degeneration {unknown}
 o - a potion of lignification {unknown}
 p - a potion of berserk rage {unknown}
 u - a potion of cancellation
 v - a potion of brilliance
Comestibles
 f - 5 rations


   Skills:
 * Level 5.1 Fighting
 - Level 3.0 Maces & Flails
 * Level 5.2 Armour
 + Level 4.0 Shields


You had 3 spell levels left.
You didn't know any spells.
Your spell library was empty.

Dungeon Overview and Level Annotations

Branches:
Dungeon (3/15)

Altars:
Gozag


Innate Abilities, Weirdness & Mutations

You reflexively headbutt those who attack you in melee.
You have a pair of horns on your head.


Message History

You feel sick.
The gnoll hits you but does no damage. x2
You block the gnoll's attack.
You barely miss the gnoll.
The gnoll is heavily wounded.
You feel sick. The gnoll hits you with a +0 spear.
The gnoll hits you but does no damage. You block the gnoll's attack.
You hit the gnoll. Your headbutt misses the gnoll.
The gnoll is severely wounded.
You feel sick. The gnoll hits you with a +0 spear!
* * * LOW HITPOINT WARNING * * *
You block the gnoll's attack.
You barely miss the gnoll. Your headbutt misses the gnoll.
The gnoll is severely wounded.
You block the gnoll's attack.
The gnoll hits you but does no damage. x2
You hit the gnoll but do no damage. You headbutt the gnoll.
The gnoll is severely wounded.
You feel sick. The gnoll hits you with a +0 spear.
* * * LOW HITPOINT WARNING * * *
The gnoll hits you with a +0 spear!
You die...

#########################
########.......................#
##....##.####################.##
'.....'........g@####.# #.#
#.....##.#######g#....# #.#
#.....##.# #.#.#<.#### #.#
#.######.# #.#.......####.#
#.#### #.# ##...#..........#
#....# #.######........#.######
#....# #...............#.#####
#....# ###...................#
#.#### #.####........#.###.#


You could see 2 gnolls.

Vanquished Creatures
  A howler monkey (D:2)
  4 adders
  2 worms (D:2)
  3 dart slugs (D:1)
  2 leopard geckos
  4 giant cockroaches
  3 goblins
  7 hobgoblins
  3 jackals (D:1)
  9 kobolds
  2 quokkas (D:3)
  A bat (D:3)
  2 frilled lizards
  5 rats
48 creatures vanquished.

Notes
Turn   | Place    | Note
-------+----------+-------------------------------------------
     0 | D:1      | FishyPogo the Minotaur Fighter began the quest for the Orb.
     0 | D:1      | Reached XP level 1. HP: 19/19 MP: 0/0
   258 | D:1      | Reached XP level 2. HP: 23/27 MP: 1/1
   617 | D:1      | Reached XP level 3. HP: 33/33 MP: 2/2
   874 | D:2      | Reached XP level 4. HP: 33/41 MP: 3/3
  1306 | D:2      | Reached skill level 5 in Armour
  1428 | D:2      | Found an opulent altar of Gozag.
  1600 | D:3      | Reached skill level 5 in Fighting
  2185 | D:2      | Slain by a gnoll

Levels and vault maps discovered:
D:1:      dpeg_arrival_rooms_a, layout_loops_corners
D:2:      layout_basic, lemuel_coloured_pillars_altar, first_ration
D:3:      minmay_angry_zag, layout_rooms, cheibrodos_sewer_entry_bend

Skill      XL: |  1  2  3  4 |
---------------+-------------+-----
Armour         | 4 5 |  5.2
Fighting       | 4 5 |  5.1
Shields        | 4 |  4.0
Maces & Flails | 3 |  3.0

Action                   |  1- 3 |  4- 6 || total
-------------------------+-------+-------++-------
Melee: Flail             |    74 |    45 ||   119
       Headbutt          |     7 |     6 ||    13
       Dagger            |       |    12 ||    12
Throw: Stone             |     1 |     3 ||     4
  Use: Scroll            |       |     9 ||     9
  Eat: Chunk             |       |     2 ||     2
Armor: Scale mail        |    36 |    30 ||    66
Dodge: Dodged            |    29 |    36 ||    65
Block: Shield            |     5 |    27 ||    32
